 Dungeon Crawl Stone Soup version 0.27-a0-789-g6bb3289e1e (webtiles) character file.

Game seed: 10859368353263219497

33 phonman the Chopper (level 3, 0/33 HPs)
             Began as a Hill Orc Berserker on Mar 26, 2021.
             Was a Believer of Trog.
             Slain by Terence
             ... wielding a +0 vorpal hand axe
              (1 damage)
             ... on level 2 of the Dungeon.
             The game lasted 00:09:10 (1330 turns).

phonman the Chopper (Hill Orc Berserker)            Turns: 1330, Time: 00:09:11

Health: 0/33       AC:  5    Str: 25 (26) XL:     3   Next: 29%
Magic:  3/3        EV: 11    Int:  6 (7)  God:    Trog [**....]
Gold:   67         SH:  0    Dex: 10      Spells: 2/2 levels left

rFire    . . .     SeeInvis .   a - +0 hand axe
rCold    . . .     Faith    .   (no shield)
rNeg     . . .     Spirit   .   d - +0 ring mail
rPois    .         Reflect  .   (no helmet)
rElec    .         Harm     .   (no cloak)
rCorr    .         Rampage  .   (no gloves)
Will     .....                  (no boots)
Stlth    ..........             (no amulet)
HPRegen  0.11/turn              b - +6 ring of strength
MPRegen  0.08/turn              (no ring)

@: no status effects
A: no striking features
a: Renounce Religion, Berserk, Trog's Hand


You were on level 2 of the Dungeon.
You worshipped Trog.
Trog was pleased with you.
You visited 1 branch of the dungeon, and saw 2 of its levels.

You collected 67 gold pieces.

Inventory:

Hand Weapons
 a - a +0 hand axe (weapon)
Missiles
 c - 26 arrows
 g - 21 stones
Armour
 d - a +0 ring mail (worn)
Jewellery
 b - a +6 ring of strength (right hand)
Scrolls
 e - a scroll of identify
 f - a scroll of amnesia
 h - a scroll of fear


   Skills:
 + Level 4.3 Fighting
 + Level 4.8 Axes
 + Level 2.3 Armour
 + Level 1.8 Dodging


You had 2 spell levels left.
You didn't know any spells.
Your spell library was empty.

Dungeon Overview and Level Annotations

Branches:
Dungeon (2/15)

Altars:

Annotations:
D:2 Terence


Message History

You slash the bat!
You kill the bat!
Trog accepts your kill.
You see here a bat corpse.
You closely miss Terence. Terence barely misses you.
You barely miss Terence.
Terence hits you with a +0 vorpal hand axe.
You closely miss Terence.
Terence hits you with a +0 vorpal hand axe.
You hit Terence but do no damage. Terence closely misses you.
You barely miss Terence.
Terence hits you with a +0 vorpal hand axe.
You barely miss Terence.
Terence hits you with a +0 vorpal hand axe. x2
You hit Terence but do no damage. Terence barely misses you.
You closely miss Terence. Terence barely misses you.
You closely miss Terence.
The endoplasm jiggles.
Terence completely misses you.
You hit Terence.
Terence is lightly wounded.
Terence closely misses you.
You hit Terence but do no damage.
Terence is lightly wounded.
Terence closely misses you.
You barely miss Terence.
Terence is lightly wounded.
Terence hits you but does no damage.
You hit Terence but do no damage.
Terence is lightly wounded.
Terence closely misses you.
You hit Terence.
Terence is moderately wounded.
Terence hits you with a +0 vorpal hand axe!
* * * LOW HITPOINT WARNING * * *
x2 Terence barely misses you.
Terence barely misses you.
Terence hits you with a +0 vorpal hand axe.
* * * LOW HITPOINT WARNING * * *
You die...

### ###.#####
###.#.#...
#.....#.###.###
#.#....<......#
#.#############
#.# ###@# #.@.# #
.
#######J###.#....
........†J...>...
#######†###.#....
#.# # . #.# #.#
#.#


You could see Terence and an endoplasm.

Vanquished Creatures
  2 ball pythons (D:1)
  3 endoplasms (D:1)
  4 giant cockroaches (D:1)
  4 goblins (D:1)
  5 hobgoblins (D:1)
  A kobold (D:1)
  2 quokkas (D:1)
  3 bats
  2 frilled lizards (D:1)
  A rat (D:1)
27 creatures vanquished.

Notes
Turn   | Place    | Note
-------+----------+-------------------------------------------
     0 | D:1      | phonman the Hill Orc Berserker began the quest for the Orb.
     0 | D:1      | Reached XP level 1. HP: 19/19 MP: 1/1
    39 | D:1      | Reached XP level 2. HP: 8/27 MP: 2/2
   776 | D:1      | Reached XP level 3. HP: 33/33 MP: 3/3
   851 | D:1      | Reached ** piety under Trog
  1304 | D:2      | Noticed Terence
  1330 | D:2      | HP: 1/33 [Terence/+0 vorpal hand axe (6)]
  1330 | D:2      | Slain by Terence

Illustrated notes

Levels and vault maps discovered:
D:1:      scummos_arrival_forest, layout_loops_ring, minivault_25,
          minmay_pentomino_z2
D:2:      layout_basic, serial_shops, shop, kennysheep_boxes, uniq_terence

Skill      XL: |  1  2 |
---------------+-------+-----
Fighting       | 4 |  4.3
Axes           | |  4.8
Armour         | |  2.3
Dodging        | |  1.8

Action                   || total
-------------------------++-------
Melee: Hand axe          ||    93
  Use: Scroll            ||     2
       Potion            ||     1
Armor: Animal skin       ||     5
       Ring mail         ||    24
Dodge: Dodged            ||    65

Table legend: (Time is in decaauts)
 A = Elapsed time spent in this place.
 B = Non-inter-level travel time spent in this place.
 C = Inter-level travel time spent in this place.
 D = Time resting spent in this place.
 E = Time spent auto-exploring this place.
 F = Levels seen in this place.
 G = Mean time per level.
                   A        B        C        D        E       F      G
               +--------+--------+--------+--------+--------+-----+--------+
         Total |   1336 |   1336 |      0 |    233 |      0 |   2 |  668.0 |
       Dungeon |   1336 |   1336 |      0 |    233 |      0 |   2 |  668.0 |
               +--------+--------+--------+--------+--------+-----+--------+

Top non-repeatable levels by time:
     D:1: 1291 daAuts
     D:2: 45 daAuts
